 Dungeon Sprint DCSS version 0.25.1-8-g42b30a86e7 (webtiles) character file.

Game seed: 7131578230524404058

12811 jbtxwes the Shatterer (level 11, -33/117 HPs)
             Began as a Minotaur Fighter on Dec 11, 2020.
             Was the Champion of Qazlal.
             Killed from afar by a crystal guardian (58 damage)
             ... with a crystal bolt
             ... in the Dungeon (Sprint V: "Ziggurat Sprint").
             The game lasted 00:15:32 (1157 turns).

jbtxwes the Shatterer (Minotaur Fighter)            Turns: 1157, Time: 00:15:33

Health: -33/117    AC: 36    Str: 31    XL:     11   Next: 67%
Magic:  7/14       EV:  1    Int:  5    God:    Qazlal [******]
Gold:   0          SH: 36    Dex: 14    Spells: 10/10 levels left

rFire    x . .     SeeInvis +   H - +6 shillelagh "Devastator" {shatter}
rCold    . . .     Gourm    .   J - +18 shield of the Gong {rElec rN+ MR+ EV-5}
rNeg     + + .     Faith    .   I - +15 Maxwell's patent armour {-Cast -Tele rElec MR+ rCorr}
rPois    .         Spirit   .   (helmet restricted)
rElec    +         Reflect  .   L - +2 cloak {MR+}
rCorr    +         Harm     .   (no gloves)
MR       +++..     NoTele   +   T - +2 pair of boots {run} Stlth ..........NoCast +
                                (no amulet)
HPRegen  0.29/turn              A - +6 ring of strength
MPRegen  0.14/turn              R - ring "Riat" {rF- rN+ Dex+5 Slay+4 SInv}

@: protected from physical damage, repel missiles, quick
A: retaliatory headbutt, horns 2
a: Upheaval, Elemental Force, Disaster Area, Renounce Religion


You were in the Dungeon.
You worshipped Qazlal.
Qazlal was exalted by your worship.
You were hungry.

You visited 1 branch

Inventory:

Hand Weapons
 G - the +8 lance "Wyrmbane" {slay drac, rPois rF+ rC+ AC+3}
   (You found it in the Dungeon)

   It affects your AC (+3).
   It protects you from fire.
   It protects you from cold.
   It protects you from poison.
 H - the +6 shillelagh "Devastator" (weapon) {shatter}
   (You found it in the Dungeon)
 K - the +10 long sword of Dasaixim {holy, *Noise rPois MP+9}
   (You found it in the Dungeon)

   It has been blessed by the Shining One to cause great damage to the undead
   and demons.
   It protects you from poison.
   It affects your magic capacity (+9).
   It may make noises in combat.
 N - the +4 war axe of Instant Death {drain, Dex+6}
   (You took it off an orc priest in the Dungeon)

   A truly terrible weapon, it drains the life of those it strikes.
   It affects your dexterity (+6).
Armour
 I - the +15 Maxwell's patent armour (worn) {-Cast -Tele rElec MR+ rCorr}
   (You found it in the Dungeon)

   It insulates you from electricity.
   It affects your resistance to hostile enchantments.
   It prevents spellcasting.
   It prevents most forms of teleportation.
   It provides partial protection from all sources of acid and corrosion.
 J - the +18 shield of the Gong (worn) {rElec rN+ MR+ EV-5}
   (You found it in the Dungeon)

   It affects your evasion (-5).
   It insulates you from electricity.
   It protects you from negative energy.
   It affects your resistance to hostile enchantments.
 L - a +2 cloak of magic resistance (worn)
 T - a +2 pair of boots of running (worn)
Jewellery
 a - an uncursed amulet of regeneration
 b - the ring "Umedyfy" {rPois Int+4 Dex+4}
   (You took it off a crimson imp in the Dungeon)

   [ring of poison resistance]

   It affects your intelligence (+4).
   It affects your dexterity (+4).
   It protects you from poison.
 n - an uncursed ring of protection from fire
 v - an uncursed ring of flight
 w - the ring "Jaimi" {+Inv rElec AC+4 Str-2 Int+2 Dex+6}
   (You found it in the Dungeon)

   [ring of protection]

   It affects your AC (+4).
   It affects your strength (-2).
   It affects your intelligence (+2).
   It affects your dexterity (+6).
   It insulates you from electricity.
   It lets you turn invisible.
 z - the ring of Jungext {+Fly rF+ rN++ Str-4 Int+6}
   (You found it in the Dungeon)

   [ring of intelligence]

   It affects your strength (-4).
   It affects your intelligence (+6).
   It protects you from fire.
   It greatly protects you from negative energy.
   It lets you fly.
 A - a +6 ring of strength (left hand)
 B - a +6 ring of strength
 O - the ring of Jeraoceu {rElec rN+++ MR+ Str-3 Int-4}
   (You found it in the Dungeon)

   [ring of protection from magic]

   It affects your strength (-3).
   It affects your intelligence (-4).
   It insulates you from electricity.
   It renders you almost immune to negative energy.
   It affects your resistance to hostile enchantments.
 Q - the ring of Qarchuir {rC+ Int+2 SInv}
   (You found it in the Dungeon)

   [ring of protection from cold]

   It affects your intelligence (+2).
   It protects you from cold.
   It lets you see invisible.
 R - the ring "Riat" (right hand) {rF- rN+ Dex+5 Slay+4 SInv}
   (You found it in the Dungeon)

   [ring of slaying]

   It affects your dexterity (+5).
   It affects your accuracy and damage with ranged weapons and melee attacks
   (+4).
   It makes you vulnerable to fire.
   It protects you from negative energy.
   It lets you see invisible.
Wands
 C - a wand of disintegration (6)
 D - a wand of iceblast (7)
 E - a wand of acid (7)
Scrolls
 j - 4 scrolls of blinking
 p - 4 scrolls of amnesia
 q - 7 scrolls of fog
 r - a scroll of holy word
 s - 5 scrolls of identify
 t - 5 scrolls of remove curse
 u - 2 scrolls of fear
 x - a scroll of brand weapon
 S - 4 scrolls of enchant armour
Potions
 c - 6 potions of might
 e - 10 potions of curing
 f - 7 potions of heal wounds
 g - 6 potions of haste
 h - 7 potions of magic
 i - 3 potions of berserk rage
 k - 2 potions of brilliance
 l - 2 potions of invisibility
 m - 4 potions of resistance
 o - 6 potions of stabbing
Miscellaneous
 y - a box of beasts
 F - a lightning rod (4/4)
 M - a lightning rod (4/4)
 P - 2 phantom mirrors
Comestibles
 d - 7 rations


   Skills:
 * Level 17.6 Fighting
 + Level 2.3 Long Blades
 - Level 22.5 Maces & Flails
 - Level 4.3 Armour
 - Level 1.9 Dodging
 - Level 3.6 Shields
 - Level 2.1 Unarmed Combat
 + Level 6.3 Invocations


You had 10 spell levels left.
You didn't know any spells.
Your spell library was empty.

Dungeon Overview and Level Annotations

Branches:
Dungeon (1/1)

Altars:
Ashenzari
Cheibriados
Dithmenos
Elyvilon
Fedhas
Gozag
Hepliaklqana
Kikubaaqudgha
Makhleb
Nemelex Xobeh
Okawaru
Qazlal
Ru
Sif Muna
Trog
Uskayaw
Vehumet
Wu Jian
Xom
Yredelemnul
Zin
The Shining One
Beogh
Jiyva
Lugonu


Innate Abilities, Weirdness & Mutations

You reflexively headbutt those who attack you in melee.
You have a pair of horns on your head.


Message History

You feel protected from physical attacks.
The iron dragon tramples you but does no damage.
You block the iron golem's attack.
GONNNNG!
You sock the iron dragon!
The iron dragon and the iron golem shudder.
The iron dragon is severely wounded.
The iron golem is heavily damaged.
Your headbutt misses the iron dragon.
The iron dragon is severely wounded.
You sock the iron dragon!
The iron dragon and the iron golem shudder.
The iron dragon is severely wounded.
The iron golem is heavily damaged.
The iron dragon is severely wounded.
The crystal guardian glitters, brittle, in the dim dungeon light.
The crystal guardian fires a crystalline bolt at you.
The crystal bolt burns the iron golem.
The iron golem completely resists.
The crystal bolt burns you!!! The fire burns you terribly!
You die...

▓...8©8. ▓..)}["}.
▓...}.).
▓..}:[||..▓....}:|
▓.........▓.......
▓.........▓.......
▓.........▓.......
▓○§.......▓.......
▓D88......▓.▓.....
▓@▓.....▓.▓....©..
▓(8..©....▓▓▓▓▓▓▓▓
▓▓▓▓▓▓▓▓▓▓▓


You could see 2 iron golems, an iron dragon and a crystal guardian.

Vanquished Creatures
  A stone giant (D)
  2 dancing weapons (D)
  A deep elf knight (D)
  2 iron golems (D)
  A deep elf mage (D)
  A gargoyle (D)
  A smoke demon (D)
  A rime drake (D)
  2 freezing wraiths (D)
  An ice devil (D)
  An efreet (D)
  4 fire elementals (D)
  3 hell hounds (D)
  2 ice beasts (D)
  A necrophage (D)
  An orc warrior (D)
  A phantom (D)
  2 earth elementals (D)
  A small abomination (D)
  A quasit (D)
  A crimson imp (D)
  3 orc wizards (D)
  An iron imp (D)
  5 orc priests (D)
  An adder (D)
  2 shadow imps (D)
  5 ufetubi (D)
  An orc (D)
  A bat zombie (D)
  4 ball pythons (D)
  A ball python skeleton (D)
  A giant cockroach simulacrum (D)
  A jackal skeleton (D)
  A jackal zombie (D)
  A quokka skeleton (D)
59 creatures vanquished.

Notes
Turn   | Place    | Note
-------+----------+-------------------------------------------
     0 | D        | jbtxwes the Minotaur Fighter began the quest for the Orb.
     0 | D        | Reached XP level 1. HP: 19/19 MP: 0/0
     0 | D        | Found a shimmering blue altar of Sif Muna.
     0 | D        | Found a bloodstained altar of Trog.
     0 | D        | Found a sacrificial altar of Ru.
     0 | D        | Found a stormy altar of Qazlal.
     0 | D        | Found an iron altar of Okawaru.
     3 | D        | Found a sparkling altar of Nemelex Xobeh.
     3 | D        | Found a blossoming altar of Fedhas.
     4 | D        | Found the +6 Majin-Bo {vamp, Archmagi MP+6 Int+6}
     4 | D        | Found the +7 great mace "Firestarter" {inner flame, rF++}
     5 | D        | Found a transporter.
     5 | D        | Found an ancient bone altar of Kikubaaqudgha.
     5 | D        | Found a viscous altar of Jiyva.
     5 | D        | Found a corrupted altar of Lugonu.
     5 | D        | Found a hazy altar of Hepliaklqana.
     5 | D        | Found a burning altar of Makhleb.
     5 | D        | Found an opulent altar of Gozag.
    24 | D        | Became a worshipper of Qazlal Stormbringer
    30 | D        | Found the +6 shillelagh "Devastator" {shatter}
    30 | D        | Found the +11 plutonium sword {*Contam Stlth-}
    30 | D        | Found the +8 lance "Wyrmbane" {slay drac, rPois rF+ rC+
                  | AC+3}
    30 | D        | Found the +9 sword of Zonguldrok {reap}
    30 | D        | Found the cursed +13 scythe of Curses {drain, *Curse}
    30 | D        | Found the +0 sword of Power
    30 | D        | Found the +7 mace of Variability {chain chaos}
    30 | D        | Found the +7 Singing Sword {vorpal, sonic wave}
    30 | D        | Found the +8 storm bow {elec, penet}
    32 | D        | Found the +9 heavy crossbow "Sniper" {vorpal, Acc+∞ SInv}
    32 | D        | Found the +10 dark maul {vorpal}
    32 | D        | Found the +15 Maxwell's patent armour {-Cast -Tele rElec
                  | MR+ rCorr}
    32 | D        | Found the +18 shield of the Gong {rElec rN+ MR+ EV-5}
    32 | D        | Found the cursed +14 obsidian axe {vorpal, +Fly SInv
                  | *Curse}
    82 | D        | Entered arena 2.
    82 | D        | Found a transporter.
    84 | D        | Reached skill level 1 in Maces & Flails
    84 | D        | Reached skill level 2 in Maces & Flails
   190 | D        | Got the +10 long sword of Dasaixim {holy, *Noise rPois
                  | MP+9}
   196 | D        | Entered arena 3.
   196 | D        | Found a transporter.
   199 | D        | Reached * piety under Qazlal
   199 | D        | Reached skill level 5 in Maces & Flails
   199 | D        | Reached XP level 2. HP: 26/26 MP: 1/1
   318 | D        | Entered arena 4.
   318 | D        | Noticed a necrophage
   318 | D        | Noticed a phantom
   318 | D        | Found a transporter.
   320 | D        | Reached ** piety under Qazlal
   321 | D        | Killed a necrophage
   321 | D        | Reached skill level 10 in Maces & Flails
   321 | D        | Reached XP level 3. HP: 31/31 MP: 2/2
   321 | D        | Reached XP level 4. HP: 39/39 MP: 3/3
   328 | D        | Killed a phantom
   328 | D        | Reached skill level 12 in Maces & Flails
   328 | D        | Reached XP level 5. HP: 45/45 MP: 4/4
   330 | D        | Got the ring "Jaimi" {+Inv rElec AC+4 Str-2 Int+2 Dex+6}
   341 | D        | Entered arena 5.
   341 | D        | Found a transporter.
   344 | D        | Reached *** piety under Qazlal
   345 | D        | Reached skill level 13 in Maces & Flails
   346 | D        | Reached skill level 14 in Maces & Flails
   346 | D        | Reached XP level 6. HP: 51/51 MP: 5/5
   355 | D        | Got the ring of Jungext {+Fly rF+ rN++ Str-4 Int+6}
   359 | D        | Entered arena 6.
   359 | D        | Noticed a +1 long sword of holy wrath
   359 | D        | Noticed a deep elf knight
   359 | D        | Noticed a +0 trident of flaming
   359 | D        | Noticed a fire elemental
   359 | D        | Noticed a deep elf mage
   359 | D        | Found a transporter.
   363 | D        | Killed a fire elemental
   363 | D        | Reached **** piety under Qazlal
   363 | D        | Reached skill level 15 in Maces & Flails
   371 | D        | Killed a deep elf knight
   371 | D        | Reached skill level 18 in Maces & Flails
   371 | D        | Reached XP level 7. HP: 28/57 MP: 1/7
   375 | D        | Killed a deep elf mage
   375 | D        | Reached skill level 19 in Maces & Flails
   375 | D        | Reached XP level 8. HP: 27/64 MP: 1/9
   377 | D        | Killed a +1 long sword of holy wrath
   377 | D        | Reached skill level 21 in Maces & Flails
   377 | D        | Reached XP level 9. HP: 30/70 MP: 1/10
   383 | D        | Killed a +0 trident of flaming
   383 | D        | Reached skill level 22 in Maces & Flails
   589 | D        | Entered arena 7.
   590 | D        | Identified the +4 war axe of Instant Death {drain, Dex+6}
   595 | D        | Found a transporter.
   596 | D        | Reached ***** piety under Qazlal
   847 | D        | Got the ring of Jeraoceu {rElec rN+++ MR+ Str-3 Int-4}
   849 | D        | Entered arena 8.
   849 | D        | Noticed an efreet
   852 | D        | Found a transporter.
   861 | D        | Reached skill level 5 in Fighting
   861 | D        | Killed an efreet
   877 | D        | Got the ring of Qarchuir {rC+ Int+2 SInv}
   879 | D        | Got the ring "Riat" {rF- rN+ Dex+5 Slay+4 SInv}
   901 | D        | Entered arena 9.
   901 | D        | Noticed a freezing wraith
   901 | D        | Noticed a freezing wraith
   901 | D        | Noticed an ice devil
   901 | D        | Noticed a rime drake
   904 | D        | Found a transporter.
   905 | D        | Reached ****** piety under Qazlal
   907 | D        | Killed a rime drake
   907 | D        | Reached skill level 10 in Fighting
   907 | D        | Reached XP level 10. HP: 94/94 MP: 12/12
  1043 | D        | Reached skill level 1 in Dodging
  1043 | D        | Reached skill level 5 in Invocations
  1043 | D        | Reached XP level 11. HP: 107/107 MP: 13/13
  1046 | D        | Entered arena 10.
  1046 | D        | Identified the ring "Umedyfy" {rPois Int+4 Dex+4}
  1051 | D        | Found a transporter.
  1089 | D        | Entered arena 11.
  1090 | D        | Found a transporter.
  1130 | D        | Identified a +2 pair of boots of running (You found it in
                  | the Dungeon)
  1135 | D        | Entered arena 12.
  1135 | D        | Noticed an iron golem
  1135 | D        | Noticed an iron golem
  1135 | D        | Noticed a stone giant
  1135 | D        | Noticed a crystal guardian
  1135 | D        | Noticed an iron golem
  1136 | D        | Noticed an iron golem
  1139 | D        | Noticed an iron dragon
  1146 | D        | Killed an iron golem
  1146 | D        | Reached skill level 15 in Fighting
  1149 | D        | Killed a stone giant
  1149 | D        | Killed an iron golem
  1157 | D        | Killed from afar by a crystal guardian

Illustrated notes

Levels and vault maps discovered:
D:        sprint_v [room_start, room_1, room_2, room_3, room_4, room_5, room_6,
          room_7, room_8, room_9, room_10, room_11, room_12, room_13, room_14,
          room_15, room_16, room_17, room_18, room_19, room_20, room_21,
          room_22, room_23, room_24, room_25, room_26, room_27]

Skill      XL: |  1  2  3  4  5  6  7  8  9 10 11 |
---------------+----------------------------------+-----
Maces & Flails | 5 10 12 14 18 19 21 22 | 22.5
Invocations    | 2 3 4 5 6 |  6.3
Fighting       | 10 13 17 | 17.6
Long Blades    | 2 |  2.3
Armour         | 4 |  4.3
Dodging        | 1 |  1.9
Shields        | |  3.6
Unarmed Combat | |  2.1

Action                   |  1- 3 |  4- 6 |  7- 9 | 10-12 || total
-------------------------+-------+-------+-------+-------++-------
Melee: Shillelagh        |     5 |    17 |    30 |    41 ||    93
       Headbutt          |       |     2 |     6 |    10 ||    18
Invok: Upheaval          |       |     1 |       |       ||     1
       Disaster Area     |       |       |       |     1 ||     1
Evoke: Wand              |       |       |       |     1 ||     1
  Use: Potion            |       |     1 |       |     3 ||     4
Armor: Plate armour      |     2 |    11 |     8 |    12 ||    33
Dodge: Dodged            |       |     1 |       |       ||     1
Block: Kite shield       |     7 |    26 |    35 |    61 ||   129
